Map: Frozen Temple

Players

DeiElectus - Winner!

  • Race: Protoss Protoss
  • League: Grandmaster

Miszu

  • Race: Zerg Zerg
  • League: Master

VOD

Have the link to the VOD?

Description

Time

  • Played on: July 1, 2016, 12:28 p.m.
  • Length: 8:00
Show
View Real Time Build Order
Export as new Build Order

DeiElectus Protoss - Winner!

Build Orders: 1 Gate Expand, Dark Templar Rush 

Get SALT Encoding   

  12  0:01  Probe (Chrono Boost)  
  13  0:11  Probe (Chrono Boost)  
  14  0:17  Pylon  
  14  0:22  Probe (Chrono Boost)  
  15  0:36  Probe (Chrono Boost)  
  15  0:38  Gateway  
  16  0:46  Probe (Chrono Boost)  
  16  0:49  Assimilator  
  18  0:57  Probe (Chrono Boost)  
  18  1:07  Probe (Chrono Boost)  
  19  1:18  Probe (Chrono Boost)  
  20  1:27  Nexus  
  20  1:37  Cybernetics Core  
  20  1:45  Assimilator  
  20  1:46  Probe (Chrono Boost)  
  21  1:53  Pylon  
  21  1:57  Probe (Chrono Boost)  
  22  2:08  Probe (Chrono Boost)  
  23  2:13  Stalker (Chrono Boost)  
  23  2:14  Warp Gate  
  25  2:19  Probe  
  26  2:29  Twilight Council  
  26  2:33  Probe  
  27  2:40  Adept (Chrono Boost), Probe  
  30  2:53  Gateway  
  30  3:00  Gateway  
  30  3:04  Probe  
  31  3:14  Dark Shrine  
  31  3:16  Mothership Core  
  33  3:21  Probe  
  33  3:26  Adept (Chrono Boost)  
  36  3:33  Probe  
  37  3:37  Probe  
  38  3:45  Probe (Chrono Boost)  
  38  3:48  Probe (Chrono Boost)  
  40  3:53  Adept (Chrono Boost)  
  41  3:57  Probe (Chrono Boost)  
  41  3:59  Probe (Chrono Boost)  
  41  4:01  Pylon  
  43  4:07  Probe (Chrono Boost)  
  44  4:10  Probe (Chrono Boost)  
  45  4:17  Probe (Chrono Boost)  
  46  4:26  Dark Templar x2  
  46  4:31  Probe (Chrono Boost)  
  51  4:35  Dark Templar  
  53  4:42  Nexus, Pylon  
  53  4:43  Probe (Chrono Boost)  
  53  4:45  Pylon  
  54  5:03  Probe x2 (Chrono Boost)  
  56  5:07  Assimilator  
  56  5:10  Assimilator  
  56  5:12  Stargate  
  56  5:13  Probe (Chrono Boost)  
  57  5:15  Probe (Chrono Boost)  
  58  5:24  Probe (Chrono Boost)  
  58  5:26  Probe (Chrono Boost)  
  58  5:28  Forge  
  60  5:30  Pylon  
  60  5:41  Probe (Chrono Boost)  
  60  5:42  Probe (Chrono Boost)  
  62  5:49  Stargate  
  58  5:51  Probe (Chrono Boost)  
  58  5:53  Pylon, Probe x2 (Chrono Boost)  
  58  5:56  Void Ray (Chrono Boost)  
  65  5:57  Pylon  
  65  6:03  Probe x2  
  66  6:05  Photon Cannon  
  66  6:07  Photon Cannon  
  66  6:09  Photon Cannon  
  67  6:11  Probe  
  67  6:15  Probe  
  69  6:22  Pylon  
  69  6:23  Pylon, Probe  
  69  6:24  Probe  
  71  6:27  Probe  
  72  6:33  Void Ray (Chrono Boost)  
  72  6:34  Void Ray (Chrono Boost)  
  72  6:35  Probe  
  72  6:37  Probe  
  72  6:39  Assimilator  
  82  6:41  Probe  
  82  6:42  Assimilator  
  82  6:45  Sentry  
  82  6:46  Sentry, Probe  
  87  6:52  Probe  
  87  6:53  Probe  
  90  6:56  Probe  
  91  7:04  Probe  
  91  7:06  Probe  
  91  7:07  Probe  
  93  7:11  Phoenix (Chrono Boost)  
  93  7:12  Phoenix (Chrono Boost)  
  98  7:17  Probe x2  
  98  7:18  Probe  
  101  7:26  Gateway  
  101  7:28  Gateway  
  101  7:29  Probe  
  101  7:30  Gateway  
  101  7:31  Adept  
  101  7:32  Adept x2  
  115  7:52  Adept  
  115  7:53  Adept x2  
Show
View Real Time Build Order
Export as new Build Order

Miszu Zerg 

Build Orders: Hatch First 

Get SALT Encoding   

  12  0:00  Drone  
  13  0:08  Drone  
  14  0:17  Overlord  
  14  0:22  Extractor  
  14  0:23  Drone  
  15  0:35  Drone x2  
  17  0:53  Hatchery  
  17  0:56  Drone  
  17  1:01  Drone  
  18  1:05  Extractor  
  17  1:15  Spawning Pool  
  17  1:18  Drone  
  17  1:21  Drone  
  18  1:32  Drone  
  19  1:45  Overlord  
  19  2:04  Drone x2  
  19  2:06  Queen x2, Drone  
  26  2:09  Metabolic Boost  
  26  2:14  Zergling x2  
  27  2:17  Zergling x2  
  27  2:21  Drone  
  29  2:26  Zergling x2  
  30  2:31  Drone  
  31  2:38  Drone  
  32  2:45  Drone  
  32  2:47  Pneumatized Carapace  
  32  2:48  Overlord  
  33  2:55  Drone  
  33  2:56  Queen  
  36  3:01  Overlord  
  36  3:05  Overlord  
  36  3:22  Drone x7  
  42  3:47  Hatchery  
  41  3:50  Evolution Chamber  
  41  3:51  Evolution Chamber  
  41  3:52  Drone x6  
  45  4:10  Overlord, Extractor  
  45  4:11  Extractor  
  45  4:12  Baneling Nest, Drone x5  
  47  4:31  Zerg Melee Weapons Level 1  
  47  4:33  Zerg Ground Armor Level 1  
  47  4:34  Drone x3  
  47  4:37  Zergling x8  
  54  4:42  Zergling x2  
  55  4:51  Overlord  
  55  4:56  Drone x5  
  59  5:03  Evolution Chamber  
  59  5:04  Lair  
  59  5:05  Spore Crawler  
  54  5:16  Spore Crawler x2  
  54  5:18  Zergling x8  
  54  5:19  Zergling x8  
  50  5:50  Overlord x2  
  50  5:56  Hatchery  
  49  6:08  Drone  
  49  6:09  Drone x3, Hatchery  
  49  6:11  Drone x2  
  54  6:26  Drone x10  
  64  6:43  Overlord  
  64  6:52  Zergling x8  
  68  6:56  Drone x2  
  68  6:57  Drone  
  71  7:09  Overlord  
  71  7:15  Drone x4  
  75  7:20  Queen  
  77  7:25  Hatchery  
  77  7:26  Overlord  
  77  7:27  Zergling x4  
  77  7:28  Zergling x2  
  80  7:30  Zergling x2  
  80  7:35  Overseer  
  79  7:41  Spore Crawler  
  78  7:55  Hydralisk Den  
Tags
 
Add a new tag
Caveats
  • Supply blocks, unpowered buildings, or Contaminate may cause inaccurate times.
  • Supply counts are checked every 10 seconds.